[Event "FIDE WCCC U10 2018"]
[Site "Santiago de Compostela"]
[Date "2018.11.11"]
[Round "7"]
[White "Seemann, Jakub"]
[Black "Chen, Muye"]
[Result "1-0"]
[ECO "B47"]
[WhiteElo "1869"]
[BlackElo "1636"]
[Annotator "NA RC"]
[PlyCount "97"]
[EventDate "2018.11.04"]
[EventType "swiss"]
[EventCountry "ESP"]
[SourceTitle "playchess.com"]
[Source "ChessBase"]
[SourceQuality "1"]
[TimeControl "40/5400+30:1800+30"]

1. e4 c5 2. Nf3 e6 3. d4 cxd4 4. Nxd4 Nc6 5. Nc3 Qc7 6. Be2 a6 7. O-O b5 8. Nxc6 {B47: Sicilian: Taimanov: 5 Nc3 Qc7 6 f4, 6 g3 and 6 Be2} Qxc6 (8... dxc6 9. a4 b4 10. Nb1 Nf6 11. Nd2 Bd6 12. Kh1 Bxh2 13. g3 Bxg3 14. fxg3 Qxg3 15. Qe1 Qh3+ 16. Kg1 Ng4 17. Nf3 {1-0 (34) Navara,D (2725)-Movsesian,S (2673) Prague 2016}) 9. Bf3 Qc7 10. Re1 Bb7 11. a4 b4 12. Nd5 Bxd5 13. exd5 Rc8 {[#]} 14. dxe6 $146 ({Predecessor:} 14. Bg5 Bc5 15. Qe2 Qb6 {½-½ (42) Garcia,G (2510)-Stellwagen,D Hoogeveen 1998}) 14... fxe6 15. Bh5+ g6 16. Qd4 Nf6 17. Qxf6 Rg8 18. Bg4 Rg7 19. Bf4 Qc4 20. b3 Qc3 21. Rxe6+ Re7 22. Rxe7+ Bxe7 23. Qxc3 Rxc3 24. Re1 Kf7 25. Bxd7 Rxc2 26. Be6+ Kf6 27. Bc4 Bc5 28. Be5+ Kg5 29. Bg3 Bd4 30. h4+ Kh6 31. Re7 Ra2 32. Bf4+ Kh5 33. Be2+ (33. Rxh7+ $142 Kg4 34. Bg3 Kf5 35. Rf7+ Bf6 36. Bd6 Rc2 37. Bd3+ Ke6 38. Rxf6+ Kxf6 39. Bxc2) 33... Rxe2 34. Rxe2 Kxh4 35. Re4 Bc3 36. Bd2+ Kh5 37. g4+ Kh4 38. Bxc3 bxc3 39. Rc4 a5 40. Rxc3 Kxg4 41. Rc5 Kf4 42. Rxa5 Ke4 43. Rb5 h5 44. a5 h4 45. a6 h3 46. a7 h2+ 47. Kxh2 Kf3 48. a8=Q+ Kxf2 49. Re5 1-0

[Event "FIDE WCCC U10 2018"]
[Site "Santiago de Compostela"]
[Date "2018.11.11"]
[Round "7"]
[White "Kolesov, Gordey"]
[Black "Mogirzan, Matei-Valeriu"]
[Result "1-0"]
[ECO "D00"]
[WhiteElo "1823"]
[BlackElo "1939"]
[Annotator "NA RC"]
[PlyCount "101"]
[EventDate "2018.11.04"]
[EventType "swiss"]
[EventCountry "ESP"]
[SourceTitle "playchess.com"]
[Source "ChessBase"]
[SourceQuality "1"]
[TimeControl "40/5400+30:1800+30"]

1. d4 d5 2. Bf4 Nf6 3. e3 c5 4. c3 Qb6 5. Qb3 {[%emt 0:00:50] D00: 1 d4 d5: Unusual lines} c4 (5... Nc6 6. Nd2 g6 7. Qxb6 axb6 8. Bc7 Nd7 9. Bb5 Bg7 10. Ngf3 O-O 11. O-O e6 12. a4 h6 {½-½ (52) Kovalev,V (2598)-Kovalenko,I (2684) Lisbon 2017}) 6. Qc2 {[%emt 0:01:10] LiveBook: 35 Games} g6 7. Nf3 Bf5 8. Qc1 Bg7 9. Nbd2 Qd8 ({Better is} 9... Nbd7 $11) 10. h3 Nc6 11. Be2 $146 ({Predecessor:} 11. b4 a6 12. a4 h6 13. Be2 g5 14. Bh2 Bg6 15. Ne5 Nxe5 16. Bxe5 Qd7 17. a5 O-O 18. O-O Ne4 19. Nxe4 Bxe4 20. Bxg7 Kxg7 21. Qe1 Bg6 22. Qd2 {½-½ (22) Maksimovic,B (2395)-Cabarkapa,S (2285) Niksic 1996}) 11... b5 12. Ne5 Nxe5 13. Bxe5 h5 14. Bf3 Bd3 15. Qd1 Kf8 ({Better is} 15... e6 $11) 16. Be2 Bf5 17. Bf3 Rc8 18. O-O Bd3 19. Be2 Bf5 20. Bf3 Ne4 21. Bxg7+ Kxg7 22. Nxe4 dxe4 23. Be2 Qd6 24. Qe1 $11 e5 25. Qd1 Rcd8 26. Qd2 Qf6 27. Rad1 Qg5 28. Kh1 Qh4 29. Qc1 Rd5 30. Kh2 g5 31. dxe5 Rxe5 32. Qd2 Rhe8 33. Qd6 g4 34. Rd5 R8e6 35. Qd8 Qf6 36. Qxf6+ Kxf6 37. Rxe5 Kxe5 38. hxg4 Bxg4 39. Bxg4 hxg4 40. Rd1 Rd6 41. Rxd6 Kxd6 42. Kg3 f5 43. Kf4 Ke6 44. Kg5 a5 45. Kg6 f4 46. g3 b4 47. gxf4 a4 48. f5+ Ke7 49. f6+ Kf8 50. a3 b3 51. f7 1-0

[Event "FIDE WCCC U10 2018"]
[Site "Santiago de Compostela"]
[Date "2018.11.11"]
[Round "7"]
[White "Bialiauski, Artsiom"]
[Black "Pingin, Artem"]
[Result "0-1"]
[ECO "D02"]
[WhiteElo "1791"]
[BlackElo "1981"]
[Annotator "NA RC"]
[PlyCount "30"]
[EventDate "2018.11.04"]
[EventType "swiss"]
[EventCountry "ESP"]
[SourceTitle "playchess.com"]
[Source "ChessBase"]
[SourceQuality "1"]
[TimeControl "40/5400+30:1800+30"]

1. d4 d5 2. Bf4 Nf6 3. Nf3 c5 4. c3 Nc6 5. e3 Qb6 6. Qb3 c4 {[%emt 0:01:43] LiveBook: 639 Games} 7. Qxb6 axb6 8. Na3 h6 9. Be2 Bf5 10. O-O e6 11. Nb5 Kd7 12. b3 cxb3 13. axb3 Be7 14. Ne5+ Nxe5 15. Bxe5 $16 Ne4 0-1

[Event "FIDE WCCC U10 2018"]
[Site "Santiago de Compostela"]
[Date "2018.11.11"]
[Round "7"]
[White "Nemsadze, Daviti"]
[Black "Vagman, Roy"]
[Result "0-1"]
[ECO "A10"]
[WhiteElo "1762"]
[BlackElo "1970"]
[Annotator "NA RC"]
[PlyCount "80"]
[EventDate "2018.11.04"]
[EventType "swiss"]
[EventCountry "ESP"]
[SourceTitle "playchess.com"]
[Source "ChessBase"]
[SourceQuality "1"]
[TimeControl "40/5400+30:1800+30"]

1. c4 g6 2. g3 Bg7 3. Bg2 Nf6 4. Nc3 c5 5. d3 Nc6 6. e4 d6 7. Nge2 O-O 8. O-O Rb8 9. h3 Ne8 {[%emt 0:05:27] LiveBook: 30 Games} 10. Be3 e5 11. Nd5 Nc7 12. Nec3 Ne6 13. a3 Ncd4 14. f4 $11 exf4 15. gxf4 f5 16. a4 b6 17. Rb1 Bb7 18. Rf2 Qh4 19. Qf1 Rf7 20. b4 Re8 21. bxc5 Nxc5 22. Rb4 Bxd5 23. cxd5 Nc6 24. dxc6 Bxc3 25. Rc4 Bg7 26. e5 d5 27. Bxd5 Qg3+ 28. Qg2 Qxe3 29. Bxf7+ Kxf7 30. Qf3 Qxf3 31. Rxf3 Ke6 32. Rd4 Bf8 33. Rc4 Kd5 34. Rc1 Nxa4 35. c7 Bc5+ 36. d4 Bxd4+ 37. Kg2 Nc5 38. e6 Kd6 39. Rd1 Nxe6 40. Rc3 Rc8 0-1

[Event "FIDE WCCC U10 2018"]
[Site "Santiago de Compostela"]
[Date "2018.11.11"]
[Round "7"]
[White "Anand, Batsukh"]
[Black "Hagner, Bennet"]
[Result "1/2-1/2"]
[ECO "B10"]
[WhiteElo "1746"]
[BlackElo "1912"]
[Annotator "NA RC"]
[PlyCount "64"]
[EventDate "2018.11.04"]
[EventType "swiss"]
[EventCountry "ESP"]
[SourceTitle "playchess.com"]
[Source "ChessBase"]
[SourceQuality "1"]
[TimeControl "40/5400+30:1800+30"]

1. e4 c6 2. Nc3 d5 3. Nf3 dxe4 4. Nxe4 Nd7 5. Bc4 Ngf6 6. Qe2 {[%emt 0:01:31] B11: Caro-Kann: Two Knights Variation} (6. Neg5 Nd5 7. d4 g6 8. Qe2 h6 9. Ne4 Bg7 10. Nd6+ Kf8 11. Nxc8 Rxc8 12. Bb3 e6 13. Bd2 Bf6 14. c4 {1-0 (30) Mamedov,R (2709)-Artemiev,V (2691) Huaian 2017}) 6... Nxe4 7. Qxe4 Nf6 8. Ne5 e6 9. Qe2 Qc7 10. d4 Bd6 {[%emt 0:04:44] LiveBook: 3 Games} 11. c3 O-O 12. Bd3 b6 $146 ({Predecessor:} 12... Nd7 13. f4 Rd8 14. O-O Nf8 15. Rf3 f6 16. Nc4 Be7 {1-0 (32) Suetin,A-Poliak,E Kiev (Ukraine) 1958}) 13. Bg5 Nd5 14. Qe4 f5 15. Qe2 c5 16. Nc4 $2 {[%emt 0:22:16] [#]} (16. O-O $11 {and White stays safe.}) 16... cxd4 ({Black should try} 16... Bf4 $1 $19 17. Bh4 cxd4 18. cxd4 Nb4 (18... Bh6)) 17. cxd4 {[%emt 0:06:54] [#]} (17. Nxd6 $17 {is a better defense.} Qxd6 18. cxd4) 17... Bb4+ 18. Nd2 h6 19. Bh4 g5 20. Bg3 f4 21. a3 Bxd2+ 22. Kxd2 Qg7 ({Don't take} 22... fxg3 23. hxg3 Qg7 24. Ke1) 23. Rac1 Bd7 24. f3 fxg3 25. hxg3 Qxd4 26. Rxh6 Qxb2+ $2 (26... Rac8 $19 27. Rd1 Qxb2+ 28. Ke1 Qxe2+ 29. Bxe2 Kg7) 27. Rc2 Qxa3 28. Qe5 Qa5+ ({Inferior is} 28... Rac8 29. Qxg5+ Kf7 30. Bg6+ Kg8 31. Bh5#) 29. Kc1 Nf6 30. Rg6+ Kh8 31. Rh6+ Kg8 $11 32. Rg6+ Kh8 1/2-1/2

[Event "FIDE WCCC U10 2018"]
[Site "Santiago de Compostela"]
[Date "2018.11.11"]
[Round "7"]
[White "Matsumura, Cocoro"]
[Black "Sosa Costa, Leonardo"]
[Result "0-1"]
[ECO "B71"]
[WhiteElo "1699"]
[BlackElo "1945"]
[Annotator "NA RC"]
[PlyCount "58"]
[EventDate "2018.11.04"]
[EventType "swiss"]
[EventCountry "ESP"]
[SourceTitle "playchess.com"]
[Source "ChessBase"]
[SourceQuality "1"]
[TimeControl "40/5400+30:1800+30"]

1. e4 c5 2. Nf3 d6 3. d4 cxd4 4. Nxd4 Nf6 {[%emt 0:00:12] LiveBook: 96017 Games} 5. Nc3 g6 6. f4 Nfd7 {[%emt 0:07:11] B71: Sicilian Dragon: 6 f4} (6... Nbd7 7. Qf3 Bg7 8. Be3 a6 9. O-O-O e5 10. Nb3 Qc7 11. g4 exf4 12. Bxf4 Ne5 13. Bxe5 dxe5 14. g5 Nh5 {1-0 (56) Smeets,J (2643)-Sebenik,M (2511) Biel 2013}) 7. Bc4 Bg7 8. Be3 O-O 9. O-O Nc6 10. Qd2 Nf6 11. h3 Bd7 $146 (11... Nxe4 $11 {keeps the balance.} 12. Nxe4 Bxd4) ({Predecessor:} 11... a5 12. Rae1 Qc7 13. Nf3 Nb4 14. Bb3 Bd7 15. a3 Na6 16. Qf2 Nc5 17. Bxc5 dxc5 {½-½ (28) Liez,F (1506)-Graf,C (1739) Stuttgart 2010}) 12. Rad1 a6 13. e5 Ne8 (13... dxe5 $11 14. Nxc6 Bxc6) 14. e6 fxe6 15. Nxe6 Bxe6 16. Bxe6+ Kh8 17. Nd5 b5 18. Qf2 ({Better is} 18. f5 $18) 18... a5 (18... Bxb2 $16 {war einen Versuch wert.} 19. Nb6 Bg7) 19. Nb6 Ra7 20. Qf3 Nb8 21. Nc8 $2 (21. Nd5 $18 Ra6 22. f5) 21... Ra6 22. Qb7 Nc7 23. Bb6 Rxb6 $1 24. Nxb6 Nxe6 25. Rde1 Nc5 26. Qxe7 Qxb6 27. f5 Nc6 28. Qh4 gxf5 $19 29. Re8 Rxe8 0-1

[Event "FIDE WCCC U10 2018"]
[Site "Santiago de Compostela"]
[Date "2018.11.11"]
[Round "7"]
[White "Deuer, Marius"]
[Black "Atanasov, Anthony"]
[Result "0-1"]
[ECO "A05"]
[WhiteElo "1695"]
[BlackElo "1916"]
[Annotator "NA RC"]
[PlyCount "182"]
[EventDate "2018.11.04"]
[EventType "swiss"]
[EventCountry "ESP"]
[SourceTitle "playchess.com"]
[Source "ChessBase"]
[SourceQuality "1"]
[TimeControl "40/5400+30:1800+30"]

1. Nf3 Nf6 2. c4 g6 3. Nc3 d5 4. cxd5 Nxd5 5. e4 Nxc3 6. dxc3 {[%emt 0:00:04] LiveBook: 600 Games} Qxd1+ 7. Kxd1 f6 8. Be3 e5 9. Nd2 Nd7 {[%emt 0:02:18] A16: English Opening: 1...Nf6 with ...d5} 10. Nb3 b6 (10... h5 11. f3 Nb6 12. Kc2 Bd7 13. Nc5 Bc6 14. b3 Bh6 15. Bxh6 Rxh6 16. a4 Ke7 17. Bb5 {½-½ (38) So,W (2778)-Aronian,L (2764) Leuven 2018}) 11. Kc2 Bb7 12. f3 O-O-O $146 ({Predecessor:} 12... a5 13. a4 Bc6 14. Bc4 Bd6 15. Rhd1 Ke7 {1-0 (42) Stigar,P (2299)-Demir,G (2239) Budapest 2008}) 13. Bc4 Bd6 14. g4 f5 15. Nd2 fxg4 16. fxg4 $11 Nc5 17. Bd5 Ba6 18. b4 Nd7 19. g5 Rhf8 20. Nc4 Be7 21. Rhf1 Bb7 22. Rxf8 Rxf8 23. Rd1 Bxd5 24. Rxd5 c6 25. Rd1 Kc7 26. a4 a6 27. a5 bxa5 28. bxa5 Rb8 29. Nb6 Rd8 30. Nxd7 Rxd7 31. Rf1 Kc8 32. h4 Bd8 33. Ra1 Rb7 34. c4 Rf7 35. Kd2 Rf3 36. Ke2 Rh3 37. Bf2 Rc3 38. Ra4 Be7 39. Be1 Rb3 40. c5 Rb5 41. Rc4 Rxc5 42. Rxc5 Bxc5 43. Bc3 Bd4 44. Be1 Kd7 45. Kd3 Ke6 46. Bg3 Kd6 47. Kc4 Be3 48. Be1 Bf4 49. Bb4+ Kc7 50. Be1 Be3 51. Kd3 Bf4 52. Kc4 Kd7 53. Kc5 Be3+ 54. Kc4 Kd6 55. Bb4+ c5 56. Be1 Bf4 57. Bf2 Kc6 58. Be1 Be3 59. Kd3 Bc1 60. Kc4 Bf4 61. Bf2 Bd2 62. Bxc5 Bxa5 63. Bf2 Bd2 64. Bg3 Kd6 65. Bf2 Ba5 66. Bg3 Bc7 67. Bf2 Kc6 68. Kb4 Bb6 69. Be1 a5+ 70. Ka4 Bc7 71. Bf2 Bd8 72. Be3 Bb6 73. Bd2 Bf2 74. Kxa5 Bxh4 75. Kb4 Bg3 76. Kc4 Bf4 77. Bc3 Kd6 78. Bb4+ Ke6 79. Kd3 Bxg5 80. Ke2 h5 81. Kf3 Bf4 82. Kg2 g5 83. Kh3 Kd7 84. Kg2 Kc6 85. Kf3 g4+ 86. Ke2 h4 87. Be7 h3 88. Kf2 g3+ 89. Kf3 g2 90. Bc5 Kxc5 91. Kf2 Be3+ 0-1

[Event "FIDE WCCC U10 2018"]
[Site "Santiago de Compostela"]
[Date "2018.11.11"]
[Round "7"]
[White "Pashikyan, Rudolf"]
[Black "Zhong, Kevin"]
[Result "1/2-1/2"]
[ECO "B27"]
[WhiteElo "1672"]
[BlackElo "2038"]
[Annotator "NA RC"]
[PlyCount "135"]
[EventDate "2018.11.04"]
[EventType "swiss"]
[EventCountry "ESP"]
[SourceTitle "playchess.com"]
[Source "ChessBase"]
[SourceQuality "1"]
[TimeControl "40/5400+30:1800+30"]

1. e4 c5 2. Nf3 g6 3. c3 d5 4. exd5 Qxd5 5. d4 Bg7 6. dxc5 Qxc5 7. Be3 Qc7 8. Be2 {[%emt 0:05:08] B06: Modern Defence} (8. Na3 a6 9. Qa4+ Bd7 10. Qf4 Qxf4 11. Bxf4 Bc6 12. Ne5 Nf6 13. Nac4 Nd5 14. Bg3 O-O 15. Rd1 e6 16. Nxc6 Nxc6 {0-1 (51) Kazhgaleyev,M (2570)-Vakhidov,J (2518) Ashkhabad 2017}) 8... Nf6 {[%emt 0:00:28] LiveBook: 11 Games} 9. h3 Nc6 10. Na3 O-O 11. Nb5 Qb8 12. O-O a6 13. Nbd4 Qc7 $146 ({Predecessor:} 13... Nd5 14. Nxc6 bxc6 15. Bc1 Nf4 {½-½ (73) Davletbayeva,M (2227)-Kurbonboeva,S (2242) Dushanbe 2015}) 14. Qc1 Nxd4 15. Nxd4 Nd5 16. Bh6 e5 17. Bxg7 Kxg7 18. Nb3 Be6 19. Rd1 Nf4 20. Bf3 {[%emt 0:00:36] [#]} e4 $1 21. Rd4 Bxb3 22. axb3 Nxh3+ 23. gxh3 exf3 24. Qe3 Qc6 25. Rad1 Qf6 26. R1d3 Rae8 (26... Rfe8 $17 27. Qxf3 Qxf3 28. Rxf3 Rad8) 27. Qxf3 Qg5+ 28. Kh2 Re1 29. Rg4 Qe5+ 30. Qg3 Qxg3+ 31. Kxg3 Re2 32. Rd7 b5 33. c4 Rxb2 34. cxb5 Rxb3+ 35. f3 axb5 36. Rb7 h6 37. Rd4 Rb1 38. Rd5 b4 39. Rdb5 Rd8 40. Rxb4 Rxb4 41. Rxb4 Rd1 42. Rb6 Re1 43. Rc6 Re6 44. Rc5 Kf6 45. Kf4 Ra6 46. Rc4 g5+ 47. Kg4 Kg6 48. h4 f5+ 49. Kg3 Ra3 50. hxg5 hxg5 ({Resist} 50... Kxg5 51. Rc5 $17) 51. Rc6+ Kh5 52. Rf6 f4+ 53. Kg2 $1 Ra2+ 54. Kf1 (54. Kh3 $1 $11) 54... Kh4 55. Rg6 Kg3 56. Rxg5+ Kxf3 57. Kg1 Ra3 58. Rg8 Ra1+ 59. Kh2 Kf2 60. Rf8 {[%emt 0:01:33] [#]} f3 $1 61. Rb8 Ra2 $2 (61... Kf1 {mates} 62. Kg3 f2 63. Kf3 Ra3+ 64. Ke4 Kg2 65. Rf8 f1=Q 66. Rxf1 Ra4+ 67. Kf5 Ra5+ 68. Kg6 Kxf1 69. Kf6 Kg2 70. Ke6 Kf3 71. Kf6 Rd5 72. Ke6 Ke4 73. Kf6 Rd6+ 74. Ke7 Ke5 75. Kf7 Kf5 76. Ke7 Rd5 77. Kf7 Rd7+ 78. Ke8 Ke6 79. Kf8 Kf6 80. Kg8 Rd8+ 81. Kh7 Ra8 82. Kh6 Rh8#) 62. Rb1 Ke3+ 63. Kg3 Rg2+ (63... Ke2 $5) 64. Kh3 $1 Rd2 (64... Rg6 $5) 65. Kg3 Ke2 66. Ra1 Rd3 (66... Rb2 $5) 67. Ra2+ Ke3 68. Rb2 $11 1/2-1/2

[Event "FIDE WCCC U10 2018"]
[Site "Santiago de Compostela"]
[Date "2018.11.11"]
[Round "7"]
[White "Cohen, Elad"]
[Black "Kadam Om Manish"]
[Result "0-1"]
[ECO "B91"]
[WhiteElo "1649"]
[BlackElo "2025"]
[Annotator "NA RC"]
[PlyCount "82"]
[EventDate "2018.11.04"]
[EventType "swiss"]
[EventCountry "ESP"]
[SourceTitle "playchess.com"]
[Source "ChessBase"]
[SourceQuality "1"]
[TimeControl "40/5400+30:1800+30"]

1. e4 c5 2. Nf3 d6 3. d4 cxd4 4. Nxd4 Nf6 5. Nc3 a6 6. g3 e6 7. Bg2 Be7 8. O-O O-O 9. f4 Qc7 10. g4 Nc6 11. Nxc6 bxc6 12. g5 Nd7 {[%emt 0:01:51] LiveBook: 19 Games} 13. f5 d5 {[%emt 0:27:49] B80: Sizilianisch (Scheveninger System)} (13... Re8 14. f6 Bf8 15. fxg7 Bxg7 16. Ne2 a5 17. Ng3 Ba6 18. Rf4 Be5 19. Nh5 Bxf4 20. Bxf4 e5 21. Be3 {1-0 (32) Brkic,A (2581)-Palac,M (2579) Plitvicka Jezera 2013}) 14. Qh5 $146 ({White should play Vorgänger:} 14. fxe6 $11 fxe6 15. Rxf8+ Nxf8 16. exd5 Qa7+ 17. Kh1 cxd5 18. Nxd5 Rb8 19. Nxe7+ Qxe7 20. b3 Bb7 21. Be3 Bxg2+ 22. Kxg2 {1-0 (50) Strohhaeker,R (2226)-Mijatovic,V (2181) Willingen 2005}) 14... Ne5 {[%emt 0:15:46] [#]} (14... g6 $11 {bleibt in der Remisbreite.} 15. Qh6 gxf5 16. exf5 exf5) 15. f6 $1 Bc5+ 16. Kh1 Ng6 (16... Rd8 $16) 17. Bd2 Bd4 18. Rad1 Bb7 {[%emt 0:02:55] [#]} 19. Be1 $1 Be5 {[%emt 0:00:12] [#]} 20. Bg3 $2 (20. exd5 cxd5 21. fxg7 Bxg7 $11) ({White must play} 20. Rd3 $1 $18 Rfd8 21. Rh3) 20... Bxg3 21. hxg3 Qxg3 22. Rd3 Qh4+ 23. Qxh4 Nxh4 24. e5 ({But not} 24. exd5 cxd5 25. Ne2 Rab8 $17) (24. Na4 $15) 24... c5 25. Ne2 Rab8 26. Ng3 g6 27. Rf4 Nxg2 28. Kxg2 Ba8 29. Rb3 Rb5 30. Ra4 d4+ 31. Kf2 Bd5 32. Rxb5 axb5 33. Ra5 Rb8 34. a4 $2 (34. Ne2 $11 {and White is okay.}) 34... bxa4 35. Rxc5 h6 36. gxh6 $2 (36. Ne2 Rxb2 37. Rc8+ Kh7 38. Rf8) 36... Rxb2 37. Ra5 Rxc2+ $19 38. Ke1 d3 39. Rxa4 d2+ 40. Kd1 Bb3 41. Ra8+ Rc8+ 0-1

[Event "FIDE WCCC U10 2018"]
[Site "Santiago de Compostela"]
[Date "2018.11.11"]
[Round "7"]
[White "Nitsche, Nikolai"]
[Black "Chandra, Anand Rishi"]
[Result "1/2-1/2"]
[ECO "B53"]
[WhiteElo "1645"]
[BlackElo "1953"]
[Annotator "NA RC"]
[PlyCount "102"]
[EventDate "2018.11.04"]
[EventType "swiss"]
[EventCountry "ESP"]
[SourceTitle "playchess.com"]
[Source "ChessBase"]
[SourceQuality "1"]
[TimeControl "40/5400+30:1800+30"]

1. e4 c5 2. Nf3 d6 3. d4 cxd4 4. Qxd4 Nc6 5. Bb5 Bd7 6. Bxc6 Bxc6 7. Nc3 Nf6 8. Bg5 e6 9. O-O-O Be7 10. Qd3 O-O 11. Nd4 Qa5 12. f4 Rfc8 13. f5 {[%emt 0:04:06] LiveBook: 10 Games B53: Sizilianisch (Ungarische Variante)} e5 (13... Be8 14. Kb1 h6 15. Bh4 b5 16. fxe6 fxe6 17. Rhf1 b4 18. Bxf6 Bxf6 19. Rxf6 gxf6 20. Nxe6 Qe5 {½-½ (51) Ducarmon,Q (2436)-Cruz,C (2499) Montcada 2013}) 14. Nb3 Qc7 $146 ({Vorgänger:} 14... Qb6 15. Nd2 Qc7 16. Bxf6 Bxf6 17. Nf3 Be7 18. Rd2 Bf8 19. g4 b5 20. g5 Qa5 {0-1 (34) Takacs,G (2198)-Orso,M (2349) Hungary 2009}) 15. Bxf6 gxf6 16. Kb1 a5 17. Rd2 (17. a4 $16) 17... a4 18. Nc1 Ra5 19. g4 $2 (19. a3 $18) 19... b5 $2 (19... a3 $1 $11) 20. h4 Qb7 21. g5 b4 $1 22. Nd5 Bxd5 $1 ({Don't go for} 22... fxg5 $2 23. Nxe7+ Qxe7 24. hxg5 $18) 23. exd5 Rcc5 24. Rg1 fxg5 25. f6 $2 (25. hxg5 $18 {is the precise move to win.} Qxd5 26. Qe3) 25... Bxf6 26. Qf5 Qe7 27. hxg5 Bg7 28. Rh2 (28. Qe4 $1 $14) 28... Rxd5 29. Qxh7+ Kf8 30. g6 f5 31. Qh8+ Bxh8 32. Rxh8+ Kg7 33. Rh7+ Kf6 34. Rxe7 Kxe7 35. g7 Ra8 36. g8=Q Rxg8 37. Rxg8 f4 ({Black should play} 37... Rd1 $17 38. c4 bxc3 39. bxc3 f4) 38. Rg1 $1 f3 39. Nd3 b3 40. axb3 axb3 41. Rf1 e4 42. Re1 bxc2+ 43. Kxc2 Rd4 44. Nf2 d5 45. b3 Kd6 46. Kc3 Kc5 47. Re3 $2 (47. Rg1 $18 Rb4 48. Rg5) 47... Rb4 48. Nd3+ exd3 49. Rxf3 d4+ 50. Kb2 d2 51. Rd3 Kd5 $11 1/2-1/2

[Event "FIDE WCCC U10 2018"]
[Site "Santiago de Compostela"]
[Date "2018.11.11"]
[Round "7"]
[White "Ermitsch, Magnus"]
[Black "Vetokhin, Savva"]
[Result "1/2-1/2"]
[ECO "B57"]
[WhiteElo "1611"]
[BlackElo "1874"]
[Annotator "NA RC"]
[PlyCount "238"]
[EventDate "2018.11.04"]
[EventType "swiss"]
[EventCountry "ESP"]
[SourceTitle "playchess.com"]
[Source "ChessBase"]
[SourceQuality "1"]
[TimeControl "40/5400+30:1800+30"]

1. e4 {[%emt 0:00:15] Rechlis,G} c5 2. Nf3 Nc6 3. d4 cxd4 4. Nxd4 Nf6 5. Nc3 d6 6. Bc4 Qb6 7. Nxc6 bxc6 8. O-O e5 9. Bg5 Qxb2 {[%emt 0:10:00] B57: Classical Sicilian: Sozin with 6...Qb6} 10. Qd3 Qb6 (10... Qb4 11. Bxf6 gxf6 12. f4 Be6 13. Bxe6 fxe6 14. Qh3 Be7 15. Rab1 Qc5+ 16. Kh1 Qc4 17. Rf3 Kd8 18. Rb7 Qa6 19. Rb3 Kd7 20. f5 Rag8 21. fxe6+ Kc7 22. Nd5+ cxd5 23. Rfc3+ {1-0 (24) Winants,L (2516)-Galkin,A (2590) playchess.com INT 2007}) 11. Bxf6 gxf6 12. Nd5 {[%emt 0:00:29] LiveBook: 5 Games} Qd8 13. Rab1 Be7 14. Ne3 $146 ({Predecessor:} 14. Nxe7 Kxe7 15. f4 Qa5 16. Kh1 Rg8 17. Bxf7 Kxf7 18. Qxd6 {1-0 (76) Ashley,M (2465)-Waitzkin,J (2440) Bermuda 1997 CBM 058 [Rechlis,G]}) 14... Be6 ({Better is} 14... a5 $14) 15. Rb7 Bc8 16. Rb2 f5 (16... O-O $14) 17. exf5 a5 18. Qb3 (18. Qe4 $16) 18... a4 (18... d5 $11 {keeps the balance.}) 19. Bxf7+ Kf8 20. Qc4 d5 21. Qxc6 Ra6 22. Qxd5 Rd6 23. Qe4 Kxf7 24. Nc4 Rd5 {[%emt 0:00:49] [#]} 25. Nxe5+ $2 ({Only move:} 25. Rb8 $1 $18 Rd1 26. Nxe5+ Kf6 27. Rb6+ Qxb6 28. Rxd1) 25... Rxe5 26. Qxe5 Bf6 27. Qb5 Bxb2 28. Qxb2 Bxf5 29. Qc3 Qc8 30. Qd4 Rg8 31. Qxa4 Qb7 32. Qc4+ Be6 33. Qf4+ Ke7 34. Qh4+ Ke8 35. f3 Qg7 36. Qh5+ Kd7 37. Qb5+ Ke7 38. Qb7+ Kf6 39. Qb2+ Kg6 40. Qxg7+ Rxg7 41. a4 Rc7 42. Ra1 Rxc2 43. a5 Rc7 44. Kf2 Kf5 45. Ke3 Ke5 46. f4+ Kf5 47. g3 Bc8 48. Kd4 ({Reject} 48. a6 Ra7 $17) 48... Ba6 49. Ra2 Ke6 50. g4 Rc4+ 51. Ke3 Rc1 52. Rb2 Kf7 53. Rb6 Bc8 54. g5 Rc5 55. a6 Ra5 56. Rb8 Bxa6 57. Ra8 Ra3+ 58. Kd4 Rd3+ 59. Ke5 Bb7 60. Ra5 Re3+ 61. Kd6 Kg6 62. h4 Bc8 63. Ra8 Bf5 64. Rf8 $1 Bd3 {[%emt 0:01:38] [#]} 65. Rf6+ (65. f5+ $1 $11 Kg7 (65... Bxf5 66. Rf6+) 66. Rf6) 65... Kh5 66. f5 Kxh4 67. g6 hxg6 68. fxg6 Rg3 69. Ke5 Bxg6 70. Rf4+ Kg5 71. Rf2 Re3+ 72. Kd4 Re1 73. Kc3 Bf5 74. Kd2 Ra1 75. Kc3 Kf6 76. Kd4 Ke6 77. Rb2 Rd1+ 78. Kc3 Ke5 79. Rb5+ Ke4 80. Rb4+ Ke3 81. Kc4 Rd8 82. Kc5 Be4 83. Rb3+ Kf4 84. Rh3 Ke5 85. Rh5+ Bf5 86. Kb4 Rc8 87. Rh6 Be4 88. Rb6 Kd4 89. Kb3 Rc1 90. Rd6+ Bd5+ 91. Kb2 Rc5 92. Rb6 Ke3 93. Rb4 Bc4 94. Rb6 Kd2 95. Rb8 Bd3 96. Kb3 Rc1 97. Rd8 Rb1+ 98. Ka4 Kc3 99. Ka5 $2 Rb5+ 100. Ka4 Rb6 $2 (100... Rc5 {mates} 101. Ra8 Be4 102. Ra6 Rh5 103. Ka3 Rh1 104. Ka4 Ra1+ 105. Kb5 Bd3+ 106. Kc6 Bxa6 107. Kd6 Re1 108. Kc5 Re5+ 109. Kb6 Kc4 110. Kxa6 Kc5 111. Kb7 Re7+ 112. Kc8 Kc6 113. Kb8 Re8+ 114. Ka7 Rd8 115. Ka6 Ra8#) 101. Ra8 Rb1 102. Rc8+ $17 Bc4 103. Ka5 Rb5+ 104. Ka4 Rb6 105. Rc5 $1 Kd4 106. Rg5 Bd3 107. Rg4+ ({Besser ist} 107. Ka5 $11) 107... Kc3 108. Rg5 Rb1 109. Ka5 Kd4 110. Ka4 Be4 111. Rg4 Kd3 112. Ka5 Bc6 113. Ka6 Be4 114. Rg5 Kd4 115. Ra5 $11 Bd5 116. Ka7 Ke5 117. Ra3 Kd6 118. Rc3 Bc6 119. Ra3 Kc5 1/2-1/2

[Event "FIDE WCCC U10 2018"]
[Site "Santiago de Compostela"]
[Date "2018.11.11"]
[Round "7"]
[White "Cereijo Suarez, Alejandro"]
[Black "Cnejev, Vladimir-Alexandru"]
[Result "0-1"]
[ECO "D36"]
[WhiteElo "1575"]
[BlackElo "1810"]
[Annotator "NA RC"]
[PlyCount "69"]
[EventDate "2018.11.04"]
[EventType "swiss"]
[EventCountry "ESP"]
[SourceTitle "playchess.com"]
[Source "ChessBase"]
[SourceQuality "1"]
[TimeControl "40/5400+30:1800+30"]

1. d4 d5 2. c4 e6 3. Nc3 Nf6 4. cxd5 exd5 5. Bg5 c6 6. Qc2 Be7 7. e3 Nbd7 8. Bd3 Nh5 9. Bxe7 Qxe7 10. Nge2 {[%emt 0:08:19] LiveBook: 453 Games} Nb6 11. O-O g6 {[%emt 0:00:12] D36: Queen's Gambit Declined: Exchange Variation: Main line (5 Bg5 c6 6 Qc2)} 12. Nf4 (12. Rae1 O-O 13. Nc1 Ng7 14. f3 Bf5 15. e4 Be6 16. exd5 Nxd5 17. Nxd5 cxd5 18. Nb3 Rac8 19. Qd2 {½-½ (38) Wang,H (2717)-Sargissian,G (2702) Huaian 2016}) 12... Nxf4 13. exf4 O-O 14. Rfe1 $146 ({Predecessor:} 14. f5 Qf6 15. fxg6 fxg6 16. Rad1 Bf5 17. b3 Rae8 18. Ne2 Bxd3 19. Rxd3 {0-1 (32) Mazzariol,O (2080)-Bonazzi,E (2163) Bratto 2008}) 14... Qf6 15. Ne2 Bd7 16. Rad1 Nc8 17. Qc1 Re8 18. Bb1 Nd6 19. b3 Re7 20. Qd2 Rae8 21. h3 h5 22. f3 $2 (22. Ng3 $17) 22... h4 23. a4 Bf5 24. Ba2 Re3 25. Kf2 Bd3 26. Qxe3 Rxe3 27. Kxe3 Bxe2 28. Rxe2 Nf5+ 29. Kf2 Nxd4 30. Re8+ Kg7 31. Ra8 Ne6 32. Re1 Nxf4 33. Rb1 Qd4+ 34. Kf1 Qd2 35. Kg1 0-1